 Dungeon Crawl Stone Soup version 0.30-a0-1103-g25895a7845 (webtiles) character file.

Game seed: 5777336687540294815

3334 senseless the Conjurer (level 10, 0/63 HPs)
             Began as an Octopode Conjurer on Apr 18, 2023.
             Was a Follower of Makhleb.
             Slain by a vault guard
             ... wielding a +0 broad axe
              (22 damage)
             ... in a bailey.
             The game lasted 00:28:48 (8285 turns).

senseless the Conjurer (Octopode Conjurer)          Turns: 8285, Time: 00:28:48

Health: 0/63       AC:  1    Str: 12    XL:     10   Next: 2%
Magic:  1/18       EV: 20    Int: 24    God:    Makhleb [*.....]
Gold:   334        SH:  9    Dex: 18    Spells: 13/20 levels left

rFire   . . .      SeeInvis .    p - +8 dagger of Rytuthec {holy, Stlth+}
rCold   . . .      Faith    .    b - +3 buckler
rNeg    . . .      Spirit   .    (helmet restricted)
rPois   .          Reflect  .    (no amulet)
rElec   .          Rampage  .    g - +6 ring of strength
rCorr   .                        h - ring of wizardry
Will    .....                    d - +6 ring of dexterity
Stlth   +++++++                  D - +5 ring of evasion
HPRegen 0.30/turn                (no ring)
MPRegen 0.16/turn                (no ring)
                                 (no ring)
                                 (no ring)

@: no status effects
A: almost no armour, amphibious, 8 rings, camouflage 1, gelatinous body 1,
nimble swimmer 1, tentacles
a: Renounce Religion


You were in a bailey.
You worshipped Makhleb.
Makhleb was aware of your devotion.
You visited 2 branches of the dungeon, and saw 8 of its levels.
You also visited: Bailey.

You collected 334 gold pieces.

Inventory:

Hand Weapons
 o - a +1 rapier of flaming
 p - the +8 dagger of Rytuthec (weapon) {holy, Stlth+}
   (You found it on level 4 of the Dungeon)

   Stlth:     It makes you more stealthy.
Armour
 b - a +3 buckler (worn)
Magical Staves
 v - a staff of earth
 F - a staff of cold
Jewellery
 d - a +6 ring of dexterity (on tentacle)
 f - a ring of ice
 g - a +6 ring of strength (left tentacle)
 h - a ring of wizardry (right tentacle)
 D - a +5 ring of evasion (on tentacle)
Wands
 y - a wand of digging (5)
 C - a wand of polymorph (10)
Scrolls
 j - 2 scrolls of amnesia
 k - a scroll of teleportation
 u - a scroll of enchant weapon
 x - 2 scrolls of blinking
 A - a scroll of enchant armour
Potions
 a - a potion of magic
 c - 6 potions of curing
 e - a potion of berserk rage
 i - 2 potions of cancellation
 l - a potion of invisibility
 m - 3 potions of flight
 n - 3 potions of resistance
 s - 3 potions of lignification
 t - a potion of might
 B - a potion of attraction


   Skills:
 + Level 3.5 Fighting
 + Level 3.5 Short Blades
 + Level 5.2 Dodging
 + Level 7.4 Stealth
 + Level 4.6 Shields
 * Level 5.9 Spellcasting
 * Level 7.4 Conjurations
 + Level 3.4 Translocations


You had 13 spell levels left.
You knew the following spells:

 Your Spells              Type           Power      Damage    Failure   Level
a - Magic Dart            Conj           100%       1d8       1%          1
b - Searing Ray           Conj           86%        2d7       1%          2
c - Iskenderun's Mystic   Conj/Tloc      33%        2d8       4%          4

Your spell library contained the following spells:

 Spells                   Type           Power      Damage    Failure   Level
 Dazzling Flash           Conj/Hex       50%        N/A       2%          3
 Gell's Gravitas          Tloc           23%        N/A       3%          3
 Teleport Other           Tloc           23%        N/A       3%          3
 Beastly Appendage        Tmut           14%        N/A       4%          1
 Slow                     Hex            28%        N/A       4%          1
 Wereblood                Tmut           7%         N/A       6%          2
 Vhi's Electric Charge    Tloc/Air       30%        N/A       6%          3
 Fulminant Prism          Conj/Hex       12%        3d8       9%          4
 Confusing Touch          Hex            7%         N/A       12%         3
 Frozen Ramparts          Ice            14%        1d3       12%         3
 Spider Form              Tmut/Pois      7%         N/A       12%         3
 Vampiric Draining        Necr           7%         2d6       12%         3
 Arcjolt                  Conj/Air       12%        1d22      24%         5
 Ice Form                 Ice/Tmut       7%         N/A       38%         4
 Summon Ice Beast         Ice/Summ       7%         N/A       38%         4
 Dispersal                Tloc           11%        N/A       80%         6
 Plasma Beam              Fire/Air       3%         2x1d15    99%         6


Dungeon Overview and Level Annotations

Branches:
Dungeon (7/15)             Temple (1/1) D:6          Bailey (1/1)

Altars:
Ashenzari
Cheibriados
Dithmenos
Elyvilon
Fedhas
Gozag
Hepliaklqana
Kikubaaqudgha
Makhleb
Nemelex Xobeh
Okawaru
Qazlal
Ru
Sif Muna
Trog
Uskayaw
Vehumet
Xom
Yredelemnul


Innate Abilities, Weirdness & Mutations

You cannot wear most types of armour.
You are amphibious.
You can wear up to eight rings at the same time.
Your skin changes colour to match your surroundings (Stealth+).
Your rubbery body absorbs attacks. (AC +1, EV +1)
You are camouflaged when in or above water. (Stealth+)
You have tentacles for arms and can constrict up to eight enemies at once.


Message History

You release your grip on the vault guard.
Casting: Searing Ray (safe; 1% risk of failure)
Confirm with . or Enter, or press ? or * to list all spells.
You erupt in a blast of force!
The mystic blast hits the vault guard!
The vault guard is severely wounded.
The vault guard is knocked back by the mystic blast.
The vault guard slams into the stone wall!
You enter the deep water.
You feel better.
Casting: Iskenderun's Mystic Blast (dangerous; 4% risk of failure)
Confirm with . or Enter, or press ? or * to list all spells.
Aiming: Magic Dart (safe; 1% risk of failure)
Press: ? - help, Shift-Dir - straight line, f/p - vault guard
Aim: a vault guard, wielding a +0 broad axe and wearing a +0 plate armour (severely wounded, 100% to hit)
The magic dart hits the vault guard.
The vault guard is severely wounded.
You hit the vault guard. You grab the vault guard.
You squeeze the vault guard, but do no damage.
The vault guard is severely wounded.
You constrict the vault guard. You hit the vault guard.
You squeeze the vault guard, but do no damage.
The vault guard is almost dead.
You constrict the vault guard.
The vault guard splashes around in the water.
You hit the vault guard.
The vault guard is almost dead.
You constrict the vault guard. The vault guard closely misses you.
You hit the vault guard.
The vault guard is almost dead.
You constrict the vault guard, but do no damage.
The vault guard completely misses you.
You completely miss the vault guard.
The vault guard is almost dead.
You constrict the vault guard. You block the vault guard's attack.
You hit the vault guard but do no damage.
The vault guard is almost dead.
You constrict the vault guard, but do no damage.
The vault guard hits you with a +0 broad axe!!
You die...

###### ###.).~#
##~.≈#..~~# ##~~.≈# ...~#
#~~~.≈## ...#
##~..~≈###.!#########
##.~.p@≈####≈≈#....##
#....~~≈≈≈≈~~#)....##
∩..'.~....~~~~..÷..#...#
...#...........÷#..#...#
...##~.~...~.~≈≈≈#..##..#
####~~.~....~≈#######...#
#≈~~~~~~~~~≈##.......###
##≈~~~~~~~~~≈#.)....##..
##≈≈~~~~~≈≈##'#....)..∩


You could see a vault guard.

Vanquished Creatures
  7 humans (Bailey)
  Edmund (D:5)
  A water moccasin (D:6)
  An orc warrior (Bailey)
  A centaur (D:7)
  5 ogres
  2 phantoms
  9 bullfrogs
  3 scorpions
  2 howler monkeys
  2 hounds (D:4)
  2 jellies (D:6)
  3 orc priests
  Crazy Yiuf (D:6)
  Ijyb (D:5)
  A sleepcap (D:7)
  4 iguanas
  An orc wizard (D:6)
  A gnoll (Bailey)
  4 adders
  2 ufetubi
  2 worms (D:2)
  2 dart slugs
  17 orcs
  11 endoplasms
  2 giant cockroaches (D:2)
  15 goblins
  7 hobgoblins
  11 kobolds
  3 quokkas
  4 ball pythons
  7 bats
  6 frilled lizards
  7 rats
148 creatures vanquished.

Notes
Turn   | Place    | Note
-------+----------+-------------------------------------------
     0 | D:1      | senseless the Octopode Conjurer began the quest for the
                  | Orb.
     0 | D:1      | Reached XP level 1. HP: 11/11 MP: 3/3
   259 | D:1      | Reached XP level 2. HP: 17/17 MP: 1/5
   262 | D:1      | Learned a level 2 spell: Searing Ray
   915 | D:2      | You fall into a shaft and drop 1 floor!
  1047 | D:3      | Reached XP level 3. HP: 21/21 MP: 4/6
  1328 | D:2      | Reached skill level 1 in Shields
  1809 | D:2      | Found an ancient bone altar of Kikubaaqudgha.
  1951 | D:2      | Reached XP level 4. HP: 25/27 MP: 0/7
  2275 | D:3      | Learned a level 4 spell: Iskenderun's Mystic Blast
  2466 | D:3      | Found a faded altar of an unknown god.
  2773 | D:3      | Reached XP level 5. HP: 14/31 MP: 1/9
  3337 | D:4      | Noticed an ogre
  3343 | D:4      | Killed an ogre
  3344 | D:4      | Reached XP level 6. HP: 36/36 MP: 2/10
  3583 | D:4      | Found a shadowy altar of Dithmenos.
  3642 | D:4      | Identified the +8 dagger of Rytuthec {holy, Stlth+}
  3685 | D:4      | Reached skill level 5 in Stealth
  3685 | D:4      | Reached skill level 5 in Conjurations
  3875 | D:4      | Found an iron altar of Okawaru.
  3878 | D:4      | Found an ancient bone altar of Kikubaaqudgha.
  3882 | D:4      | Found a hazy altar of Hepliaklqana.
  3882 | D:4      | Found a burning altar of Makhleb.
  4221 | D:4      | Found a stormy altar of Qazlal.
  4277 | D:4      | Reached XP level 7. HP: 42/42 MP: 5/12
  4443 | D:5      | Entered Level 5 of the Dungeon
  4521 | D:5      | Noticed Ijyb
  4534 | D:5      | Killed Ijyb
  4897 | D:5      | Reached skill level 1 in Fighting
  4897 | D:5      | Reached skill level 1 in Short Blades
  4899 | D:5      | Reached skill level 1 in Translocations
  5109 | D:5      | Found a basalt altar of Yredelemnul.
  5111 | D:5      | Found a sparkling altar of Nemelex Xobeh.
  5112 | D:5      | Found a radiant altar of Vehumet.
  5183 | D:5      | Noticed Edmund
  5193 | D:5      | Killed Edmund
  5194 | D:5      | Reached XP level 8. HP: 40/48 MP: 2/14
  6387 | D:6      | Found a staircase to the Ecumenical Temple.
  6396 | Temple   | Entered the Ecumenical Temple
  6641 | D:4      | Became a worshipper of Makhleb the Destroyer
  6816 | D:6      | Found a runed translucent door.
  6817 | D:6      | Noticed Crazy Yiuf
  7349 | D:6      | Killed Crazy Yiuf
  7449 | D:7      | Reached XP level 9. HP: 29/55 MP: 6/16
  7560 | D:7      | Found a flagged portal.
  7640 | Bailey   | Entered a bailey
  7650 | Bailey   | Reached skill level 5 in Spellcasting
  7916 | Bailey   | Reached * piety under Makhleb
  7962 | Bailey   | Reached skill level 5 in Dodging
  8179 | Bailey   | Reached XP level 10. HP: 63/63 MP: 11/18
  8253 | Bailey   | Noticed a vault guard
  8285 | Bailey   | Slain by a vault guard

Illustrated notes

Levels and vault maps discovered:
D:1:      matt_arrival_grand_opening, layout_rooms, minmay_pentomino_w2
D:2:      layout_loops_ring, basic_altar, minmay_joined_circles
D:3:      layout_loops_corners, shapermc_ecumenical_altar_gd,
          minmay_pentomino_pile
D:4:      layout_basic, minitemple, nicolae_dithmenos_through_a_glass_darkly,
          grunt_qazlal_sundering
D:5:      layout_basic, chequers_temple_overflow_statue_of_worship, uniq_edmund,
          uniq_ijyb
D:6:      layout_basic, lemuel_temple_firewalk_a, chequers_serial_rivers_room_a,
          uniq_crazy_yiuf_cottage
D:7:      layout_basic, mainiacjoe_overflow_cross_hatched, enter_bailey_5
Temple:   nicolae_temple_two_arcs
Bailey:   bailey_axe_froggy_fort_hellmonk, bailey

Skill      XL: |  1  2  3  4  5  6  7  8  9 |
---------------+----------------------------+-----
Stealth        | 3 4 5 6 7 |  7.4
Shields        | 1 2 3 4 |  4.6
Dodging        | 3 4 5 |  5.2
Spellcasting   | 3 4 5 |  5.9
Conjurations   | 5 6 7 |  7.4
Fighting       | 1 2 3 |  3.5
Short Blades   | 1 2 3 |  3.5
Translocations | 1 2 3 |  3.4

Action                     |  1- 3 |  4- 6 |  7- 9 | 10-12 || total
---------------------------+-------+-------+-------+-------++-------
  Melee: Unarmed           |     2 |       |       |       ||     2
         Dagger            |     4 |     7 |   101 |    13 ||   125
         Constrict         |     1 |     4 |    23 |     2 ||    30
         Rapier            |     4 |     7 |       |       ||    11
         Tentacles         |       |     4 |    28 |     3 ||    35
         Punch             |       |       |     5 |       ||     5
   Cast: Magic Dart        |    66 |    52 |   103 |     4 ||   225
         Searing Ray       |     2 |     7 |    17 |     2 ||    28
         Iskenderun's Myst |       |       |     1 |     2 ||     3
    Use: Scroll            |     3 |    12 |     7 |       ||    22
         Potion            |       |       |       |     1 ||     1
 Armour: Skin              |       |     2 |       |       ||     2
  Dodge: Dodged            |     6 |    12 |    92 |     5 ||   115
  Block: Buckler           |     5 |     7 |    37 |     3 ||    52

Table legend: (Time is in decaauts)
 A = Elapsed time spent in this place.
 B = Non-inter-level travel time spent in this place.
 C = Inter-level travel time spent in this place.
 D = Time resting spent in this place.
 E = Time spent auto-exploring this place.
 F = Levels seen in this place.
 G = Mean time per level.
                   A        B        C        D        E       F      G
               +--------+--------+--------+--------+--------+-----+--------+
         Total |   8278 |   7816 |    462 |    681 |   6072 |   9 |  919.8 |
       Dungeon |   7521 |   7074 |    447 |    560 |   5648 |   7 | 1074.4 |
        Temple |    120 |    105 |     15 |      0 |     92 |   1 |  120.0 |
        Bailey |    636 |    636 |      0 |    121 |    332 |   1 |  636.0 |
               +--------+--------+--------+--------+--------+-----+--------+

Top non-repeatable levels by time:
     D:6: 1583 daAuts
     D:3: 1271 daAuts
     D:4: 1221 daAuts
     D:2: 1183 daAuts
     D:5: 1175 daAuts
     D:1: 868 daAuts
  Bailey: 636 daAuts
     D:7: 218 daAuts
  Temple: 120 daAuts
